 Dungeon Crawl Stone Soup version 0.27.1-4-g1640c2035a (webtiles) character file.

Game seed: 14354448555602964957

5 unlimited1921 the Vexing (level 1, 3/17 HPs)
             Began as a Gnoll Arcane Marksman on Nov 8, 2021.
             Got out of the dungeon alive.
             The game lasted 00:02:46 (212 turns).

unlimited1921 the Vexing (Gnoll Arcane Marksman)     Turns: 212, Time: 00:02:46

Health: 3/17       AC:  2    Str:  9    XL:     1   Next: 80%
Magic:  4/4        EV: 13    Int: 12    God:
Gold:   7          SH:  0    Dex: 12    Spells: 4/5 levels left

rFire    . . .     SeeInvis .   a - +0 hand crossbow
rCold    . . .     Faith    .   (no shield)
rNeg     . . .     Spirit   .   d - +0 robe
rPois    .         Reflect  .   (no helmet)
rElec    .         Harm     .   (no cloak)
rCorr    .         Rampage  .   (no gloves)
Will     .....                  (no boots)
Stlth    +.........             (no amulet)
HPRegen  0.05/turn              (no ring)
MPRegen  0.09/turn              (no ring)

@: no status effects
A: fangs 1, strong nose, distributed training
a: no special abilities


You escaped.
You visited 1 branch of the dungeon, and saw 1 of its levels.

You collected 7 gold pieces.

Inventory:

Hand Weapons
 a - a +0 hand crossbow (weapon)
 g - a +0 short sword
 i - a +0 mace
Missiles
 c - 20 bolts (quivered ammo)
 h - 18 arrows
Armour
 d - a +0 robe (worn)
Scrolls
 b - a scroll of identify {unknown}
 e - a scroll of fear {unknown}
 f - a scroll of enchant armour {unknown}


   Skills:
 + Level 2.4 Fighting
 + Level 0.1 Short Blades
 + Level 0.1 Long Blades
 + Level 0.1 Axes
 + Level 0.1 Maces & Flails
 + Level 0.1 Polearms
 + Level 0.1 Staves
 + Level 0.1 Slings
 + Level 0.1 Bows
 + Level 4.4 Crossbows
 + Level 0.1 Throwing
 + Level 0.1 Armour
 + Level 4.4 Dodging
 + Level 0.1 Stealth
 + Level 0.1 Shields
 + Level 0.1 Unarmed Combat
 + Level 2.6 Spellcasting
 + Level 0.1 Conjurations
 + Level 5.3 Hexes
 + Level 0.1 Summonings
 + Level 0.1 Necromancy
 + Level 0.1 Translocations
 + Level 0.1 Transmutations
 + Level 0.1 Fire Magic
 + Level 0.1 Ice Magic
 + Level 0.1 Air Magic
 + Level 0.1 Earth Magic
 + Level 0.1 Poison Magic
 + Level 0.2 Invocations
 + Level 0.1 Evocations


You had 4 spell levels left.
You knew the following spells:

 Your Spells              Type           Power      Damage    Failure   Level
a - Corona                Hex            15%        N/A       2%          1

Your spell library contained the following spells:

 Spells                   Type           Power      Damage    Failure   Level
 Slow                     Hex            14%        N/A       4%          2
 Inner Flame              Hex/Fire       8%         N/A       26%         3
 Portal Projectile        Hex/Tloc       16%        N/A       26%         3
 Cause Fear               Hex            7%         N/A       28%         4
 Summon Mana Viper        Hex/Summ       8%         N/A       93%         5
 Summon Forest            Summ/Tloc      0%         N/A       100%        5
 Shadow Creatures         Summ           N/A        N/A       100%        6


Dungeon Overview and Level Annotations

Branches:
Dungeon (1/15)

Altars:


Innate Abilities, Weirdness & Mutations

You have very sharp teeth.
Your uncanny sense of smell can sniff out nearby items.
Your experience applies equally to all skills.


Message History

The bat misses you. The bat closely misses you. The bat misses you.
You're too inexperienced to learn that spell!
Unknown command.
a - a +0 hand crossbow (weapon)
The bat hits you.
* * * LOW HITPOINT WARNING * * *
You are too injured to fight recklessly!
You are too injured to fight recklessly!
The bat hits you but does no damage. The bat closely misses you.
There is an open door here.
The bat hits you but does no damage. The bat closely misses you.
The bat closely misses you. The bat misses you. The bat barely misses you.
The bat barely misses you. The bat hits you but does no damage.
The bat hits you.
* * * LOW HITPOINT WARNING * * *
The bat closely misses you. The bat barely misses you.
The bat barely misses you. The bat hits you but does no damage.
Really attack while wielding your +0 hand crossbow?
Okay, then.
The bat barely misses you. The bat barely misses you.
The bat closely misses you. The bat closely misses you.
The bat closely misses you. The bat misses you.
Really attack while wielding your +0 hand crossbow?
Okay, then.
The bat closely misses you. The bat barely misses you. The bat misses you.
There is a staircase leading out of the dungeon here.
Are you sure you want to leave the Dungeon?
This will make you lose the game!
Uppercase [Y]es or [N]o only, please.
Are you sure you want to leave the Dungeon?
This will make you lose the game! The bat hits you but does no damage.
You have escaped!

#....#....##†##########
._...........#...##
...#...........≈..## #.
#..........≈.≈..# .
.........#.§K..≈.#
##.....####.≈...≈.###
#.######...≈g......##
#. ##.≈.≈.b§≈≈§..#
...§..≈.@....≈..
.§≈......≈....§≈
§§...≈≈≈≈...§§..
.≈≈≈≈......≈≈≈≈≈
...........(.§§.
################


You could see a goblin, a bat and a kobold.

Vanquished Creatures
  2 endoplasms (D:1)
  A kobold (D:1)
  A bat (D:1)
  A rat (D:1)
5 creatures vanquished.

Notes
Turn   | Place    | Note
-------+----------+-------------------------------------------
     0 | D:1      | unlimited1921 the Gnoll Arcane Marksman began the quest for
                  | the Orb.
     0 | D:1      | Reached XP level 1. HP: 17/17 MP: 4/4
    18 | D:1      | Found a faded altar of an unknown god.
   212 | D:$      | Got out of the dungeon alive.

Illustrated notes

Levels and vault maps discovered:
D:1:      ebering_trefoil_3fold, layout_basic, ebering_ecumenical_altar_box

Action                   || total
-------------------------++-------
Melee: Mace              ||     7
 Fire: Hand crossbow     ||     7
 Cast: Corona            ||     7
Armor: Robe              ||     8
Dodge: Dodged            ||    40
